 Dungeon Crawl Stone Soup version 0.28.0 (webtiles) character file.

Game seed: 6688817738804048805

53 lastplaneout the Ruffian (level 3, -2/36 HPs)
             Began as a Troll Berserker on Feb 12, 2022.
             Was a Believer of Trog.
             Slain by Terence (5 damage)
             ... on level 2 of the Dungeon.
             The game lasted 00:02:03 (1123 turns).

lastplaneout the Ruffian (Troll Berserker)          Turns: 1123, Time: 00:02:05

Health: -2/36      AC:  4    Str: 27    XL:     3   Next: 64%
Magic:  2/2        EV: 10    Int:  3    God:    Trog [**....]
Gold:   18         SH:  0    Dex:  9    Spells: 2/2 levels left

rFire   . . .      SeeInvis .     - Unarmed
rCold   . . .      Faith    .   (no shield)
rNeg    . . .      Spirit   .   a - +0 animal skin
rPois   .          Reflect  .   (helmet restricted)
rElec   .          Harm     .   (no cloak)
rCorr   .          Rampage  .   (gloves unavailable)
Will    .....                   (boots unavailable)
Stlth   +.........              (no amulet)
HPRegen 0.92/turn               (no ring)
MPRegen 0.08/turn               (no ring)

@: lethally poisoned (-2 -> -16)
A: large, unfitting armour, claws 3, regeneration 1, shaggy fur 1, tough skin 1
a: Renounce Religion, Berserk, Trog's Hand


You were on level 2 of the Dungeon.
You worshipped Trog.
Trog was pleased with you.
You visited 1 branch of the dungeon, and saw 2 of its levels.

You collected 18 gold pieces.

Inventory:

Armour
 a - a +0 animal skin (worn)
Scrolls
 d - a scroll of teleportation {unknown}
 e - a scroll of immolation {unknown}
 f - a scroll of vulnerability {unknown}
Potions
 b - a potion of curing {unknown}
 c - 2 potions of might {unknown}
 g - 2 potions of degeneration {unknown}


   Skills:
 - Level 2.4 Fighting
 - Level 2.4 Dodging
 + Level 4.7 Unarmed Combat


You had 2 spell levels left.
You didn't know any spells.
Your spell library was empty.

Dungeon Overview and Level Annotations

Branches:
Dungeon (2/15)

Altars:

Annotations:
D:2 Terence


Innate Abilities, Weirdness & Mutations

You are too large for most types of armour.
You have claws for hands.
Your natural rate of healing is unusually fast.
You are covered in fur. (AC +1)
You have tough skin. (AC +1)


Message History

You start resting.
You feel yourself speed up.
You start waiting.
You recover from your berserk rage.
g - 2 bubbling grey potions
Items here: ))) [[.
Items here: ( ))))) ††.
You see here a +0 club.
You see here a +0 club.
Terence the Incautious comes into view.
He is wielding a +2 trident of venom.
Terence shouts!
Terence barely misses you. Terence barely misses you.
You claw Terence!
Terence is moderately wounded.
Terence hits you with a +2 trident of venom.
You are poisoned.
You scratch Terence but do no damage.
Terence is moderately wounded.
You feel very sick.
Terence screams, "I'm going to kill you!"
Terence hits you with a +2 trident of venom!
You barely miss Terence.
Terence is moderately wounded.
You feel sick.
Terence hits you with a +2 trident of venom.
You are more poisoned.
You scratch Terence.
Terence is heavily wounded.
You feel very sick.
Terence hits you with a +2 trident of venom!
* * * LOW HITPOINT WARNING * * *
You are more poisoned.
You scratch Terence.
Terence is severely wounded.
* * * LOW HITPOINT WARNING * * *
You feel very sick.
Terence shouts, "Get ready for death!"
Terence hits you with a +2 trident of venom.
You die...

#..# # ..# .###
..###.... ......... ##
### #.......# .... #..
+.......# ##.##.#.# ###
#@......# ##.##.#.###.#
#@......# .#<.........#
#.......# .#.##.#.###.#
#.......# ....#.#...#.#
#.......# .#..#.###.#.#
#.......#
....#.###.#.#####.######
....).))).#.......#
###################


You could see Terence.

Vanquished Creatures
  Robin (D:2)
  A worm (D:2)
  A dart slug (D:1)
  A bat (D:1)
  A giant cockroach (D:2)
  12 goblins
  6 jackals (D:1)
  5 kobolds (D:1)
  2 ball pythons (D:1)
  2 frilled lizards (D:1)
  3 rats (D:1)
35 creatures vanquished.

Notes
Turn   | Place    | Note
-------+----------+-------------------------------------------
     0 | D:1      | lastplaneout the Troll Berserker began the quest for the
                  | Orb.
     0 | D:1      | Reached XP level 1. HP: 22/22 MP: 0/0
   112 | D:1      | Reached XP level 2. HP: 29/29 MP: 1/1
   231 | D:1      | Reached skill level 4 in Unarmed Combat
   671 | D:1      | Reached XP level 3. HP: 36/36 MP: 2/2
   875 | D:1      | Reached ** piety under Trog
  1019 | D:2      | Noticed Robin
  1032 | D:2      | HP: 1/36 [Robin/goblin (3)]
  1041 | D:2      | HP: 1/54 [Robin (5)]
  1043 | D:2      | Killed Robin
  1114 | D:2      | Noticed Terence
  1123 | D:2      | Slain by Terence

Illustrated notes

Levels and vault maps discovered:
D:1:      matt_arrival_diagonals, layout_loops_corners, serial_glass,
          glass_columns_c, glass_columns_b, grunt_decor_resistance
D:2:      layout_basic, uniq_terence, uniq_robin

Skill      XL: |  1  2 |
---------------+-------+-----
Unarmed Combat | 4 |  4.7
Fighting       | |  2.4
Dodging        | |  2.4

Action                   || total
-------------------------++-------
Melee: Unarmed           ||    93
       Punch             ||     1
Invok: Berserk           ||     1
Armor: Animal skin       ||    33
Dodge: Dodged            ||    60
